Saguenéens vs Diables
(R1)
Created - 28 mars 2015 at 19:59
Goals
|
Saguenéens |
0 |
2 |
4 |
6 |
Diables |
1 |
1 |
1 |
3 |
|
Shots
|
Saguenéens |
8 |
6 |
12 |
26 |
Diables |
16 |
9 |
11 |
36 |
|
1st period
1. Diables , Petr Sykora 19 (Tyler Bozak) at 4:31
Penalties :
Brandon Burlon (Chi) for Interference (Minor) at 12:19
2nd period
2. Saguenéens , Evgeny Dadonov 34 (David Laliberté, Tim Kennedy) at 5:05
3. Saguenéens , Martin Hanzal 43 (Kevin Marshall) at 12:17
4. Diables , Benn Ferriero 3 (Martin Grenier, Matt Jones) at 17:41
Penalties :
Philip Larsen (Chi) for Hooking (Minor) at 0:41
3rd period
5. Saguenéens , Kyle Brodziak 34 (David Moss) at 1:14 (PP)
6. Saguenéens , Martin Hanzal 44 (Wayne Simmonds, Evgeny Dadonov) at 4:29 (PP)
7. Saguenéens , David Laliberté 14 (Tim Kennedy, Brian Flynn) at 5:37
8. Diables , Justin Schultz 5 (Andy Greene, Matt Jones) at 14:19
9. Saguenéens , Martin Hanzal 45 (Evgeny Dadonov, Wayne Simmonds) at 17:36 (PP)
Penalties :
Petr Sykora (Alm) for Hooking (Minor) at 0:40, Tomas Kubalik (Alm) for Hooking (Minor) at 4:17, Chris Mcallister (Alm) for Tripping (Minor) at 6:30, Justin Schultz (Alm) for Goalie Interference (Minor) at 11:24, Kellan Lain (Alm) for High sticking (Double Minor) at 17:22
Goalie Stats
Harru Sateri (Chi), 33 saves from 36 shots - (0,917), W, 13-10-3, 60:00 minutes
Allen York (Alm), 17 saves from 22 shots - (0,773), L, 7-11-0, 45:37 minutes
Jeff Glass (Alm), 3 saves from 4 shots - (0,750), 14:23 minutes
Players Stats for Saguenéens
Player Name G A P +/- PIM S H SB GA TA FO MP PP MP PK MP
------------------------------------------------------------------------------------
Brandon Burlon 0 0 0 -1 2 0 1 1 0 0 0/0 10:34 0:00 0:00
Brian Flynn 0 1 1 0 0 1 3 1 0 0 1/5 11:27 0:00 0:07
David Laliberté 1 1 2 0 0 2 2 1 0 1 0/0 13:38 0:19 1:48
David Moss 0 1 1 0 0 2 3 1 1 0 1/3 17:58 2:58 1:59
Derek Morris 0 0 0 1 0 2 2 0 0 0 0/0 27:26 4:27 1:51
Eric Tangradi 0 0 0 -2 0 0 2 0 0 0 0/0 7:56 0:00 0:00
Evgeny Dadonov 1 2 3 2 0 3 3 1 1 0 0/2 20:30 3:40 0:00
Evgeny Grachev 0 0 0 -2 0 1 1 0 0 0 1/2 8:37 0:19 0:00
Kevin Marshall 0 1 1 0 0 0 1 3 0 1 0/0 25:53 4:27 1:51
Kris Russell 0 0 0 0 0 1 0 0 1 0 0/0 22:04 2:30 2:07
Kyle Brodziak 1 0 1 0 0 2 2 1 0 1 4/11 17:19 2:58 1:48
Marcus Johansson 0 0 0 0 0 1 3 0 0 1 0/0 15:42 2:58 0:11
Martin Hanzal 3 0 3 2 0 6 2 2 1 1 21/30 22:37 3:40 2:03
Mike Sauer 0 0 0 0 0 1 0 1 0 1 0/0 13:50 0:00 2:07
Philip Larsen 0 0 0 0 2 1 0 3 0 0 0/0 20:07 2:30 0:00
Rhett Rakhshani 0 0 0 -2 0 0 2 0 0 0 0/0 7:56 0:00 0:00
Tim Kennedy 0 2 2 0 0 2 3 2 1 0 0/0 11:56 0:19 0:00
Wayne Simmonds 0 2 2 2 0 1 1 1 0 0 1/2 20:30 3:40 0:00
Players Stats for Diables
Player Name G A P +/- PIM S H SB GA TA FO MP PP MP PK MP
------------------------------------------------------------------------------------
Andrej Meszaros 0 0 0 0 0 2 2 1 0 0 0/0 26:41 2:37 4:44
Andy Greene 0 1 1 1 0 5 0 0 1 0 0/0 23:22 1:21 2:13
Benn Ferriero 1 0 1 0 0 1 1 0 1 0 1/2 10:58 0:00 1:26
Brett Maclean 0 0 0 1 0 5 0 0 0 0 0/1 16:33 1:36 1:42
Chris Mcallister 0 0 0 1 2 1 1 0 1 0 2/9 20:13 2:22 3:09
Damien Brunner 0 0 0 0 0 5 0 0 0 0 0/0 13:51 1:36 0:00
J.T. Brown 0 0 0 0 0 0 2 0 0 0 0/0 9:28 0:00 0:00
Justin Schultz 1 0 1 1 2 1 1 2 0 0 0/0 13:19 2:37 0:00
Kellan Lain 0 0 0 0 4 0 0 2 0 0 3/8 15:01 1:36 1:07
Kyle Chipchura 0 0 0 -2 0 0 1 0 0 1 3/6 12:18 0:09 0:26
Marc-André Bourdon 0 0 0 0 0 0 0 0 0 0 0/0 5:40 0:00 0:00
Martin Grenier 0 1 1 -1 0 3 2 1 0 3 0/0 18:34 0:00 4:44
Matt Jones 0 2 2 0 0 2 1 0 1 0 0/0 18:01 1:21 2:13
Pavel Valentenko 0 0 0 0 0 1 2 3 0 1 0/0 15:18 0:00 0:00
Petr Sykora 1 0 1 1 2 4 2 1 0 0 0/1 20:25 2:13 3:34
Pierre-Cédric Labrie 0 0 0 -2 0 0 0 0 1 0 0/0 11:48 0:09 0:00
Taylor Beck 0 0 0 0 0 0 2 0 0 0 2/2 10:46 0:00 1:14
Tomas Kubalik 0 0 0 -2 2 3 1 0 0 0 0/0 11:38 0:00 0:00
Tyler Bozak 0 1 1 2 0 3 4 2 1 0 15/26 19:04 2:13 1:16
3 Stars
1 - Martin Hanzal (Chi)
2 - Evgeny Dadonov (Chi)
3 - David Laliberté (Chi)
Power Play
Saguenéens - 3 on 6 Attempt(s) - 50,00%
Diables - 0 on 2 Attempt(s) - 0,00%
Penalty Kill
Saguenéens - 2 on 2 Attempt(s) - 100,00%
- Score 0 goal in Penalty Kill
Diables - 3 on 6 Attempt(s) - 50,00%
- Score 0 goal in Penalty Kill
Team Stat
Saguenéens - Hits : 31 - Faceoff Wins : 29 - Blocked Shots : 18 - Penalty Minutes : 4
Diables - Hits : 22 - Faceoff Wins : 26 - Blocked Shots : 12 - Penalty Minutes : 12
Official
Referees : Walkom Stephen and O'Rourke Dan
Linesman : Don Henderson and Bryan Pancich
Game Notes
Jeff Glass enters game at 5:37 of 3rd period
Martin Hanzal has scored a Hat Trick!
Finance
Level 1 -- Attendance: 1443 (72,15%) -- Ticket Income 50 505 $
Level 2 -- Attendance: 771 (77,10%) -- Ticket Income 11 565 $
Total Attendance: 2214 (73,80%)
Total Ticket Income: 62 070 $
Other Income: 3 104 $
Total Income: 65 174 $
Saguenéens
5 vs 5 Forward
Center Left Wing Right Wing Time % Phy DF OF
1 Martin Hanzal Evgeny Dadonov Wayne Simmonds 40 1 2 2
2 Kyle Brodziak Marcus Johansson David Moss 30 1 2 2
3 Brian Flynn Tim Kennedy David Laliberté 20 1 2 2
4 Evgeny Grachev Eric Tangradi Rhett Rakhshani 10 1 2 2
5 vs 5 Defense
Defense Defense Time % Phy DF OF
1 Derek Morris Kevin Marshall 40 1 2 2
2 Kris Russell Philip Larsen 32 1 2 2
3 Brandon Burlon Mike Sauer 20 1 2 2
4 Derek Morris Mike Sauer 8 1 2 2
PowerPlay Forward
Center Left Wing Right Wing Time % Phy DF OF
1 Martin Hanzal Evgeny Dadonov Wayne Simmonds 60 1 2 2
2 Kyle Brodziak Marcus Johansson David Moss 40 1 2 2
PowerPlay Defense
Defense Defense Time % Phy DF OF
1 Derek Morris Kevin Marshall 60 1 2 2
2 Kris Russell Philip Larsen 40 1 2 2
Penalty Kill 4 Players Forward
Center Wing Time % Phy DF OF
1 Martin Hanzal David Moss 50 1 2 2
2 Kyle Brodziak David Laliberté 50 1 2 2
Penalty Kill 4 Players Defense
Defense Defense Time % Phy DF OF
1 Derek Morris Kevin Marshall 50 1 2 2
2 Kris Russell Mike Sauer 50 1 2 2
Penalty Kill - 3 Players Forward
Forward Time % Phy DF OF
1 David Moss 50 1 3 1
2 Kyle Brodziak 50 1 3 1
Penalty Kill - 3 Players Defense
Defense Defense Time % Phy DF OF
1 Derek Morris Kevin Marshall 50 1 3 1
2 Kris Russell Mike Sauer 50 1 3 1
4 vs 4 Forward
Center Wing Time % Phy DF OF
1 Martin Hanzal Wayne Simmonds 60 1 2 2
2 Kyle Brodziak Evgeny Dadonov 40 1 2 2
4 vs 4 Defense
Defense Defense Time % Phy DF OF
1 Derek Morris Kevin Marshall 60 1 2 2
2 Kris Russell Mike Sauer 40 1 2 2
Last Minutes Offensive
Center Left Wing Right Wing Defense Defense
Martin Hanzal Evgeny Dadonov Wayne Simmonds Derek Morris Kris Russell
Last Minutes Defensive
Center Left Wing Right Wing Defense Defense
Martin Hanzal Evgeny Dadonov Wayne Simmonds Derek Morris Kris Russell
Goaltenders
Starting : Harru Sateri
Backup : Al Montoya
Extra Forwards
Normal : Evgeny Grachev, Tim Kennedy, Martin Hanzal - PP : Tim Kennedy, Evgeny Grachev - PK : David Laliberté
Extra Defensemen
Normal : Mike Sauer, Brandon Burlon, Derek Morris - PP : Mike Sauer - PK : Brandon Burlon, Philip Larsen
Penalty Shots
Wayne Simmonds, Evgeny Dadonov, Martin Hanzal, Kyle Brodziak, David Moss
Diables
5 vs 5 Forward
Center Left Wing Right Wing Time % Phy DF OF
1 Tyler Bozak Chris Mcallister Petr Sykora 40 1 2 2
2 Kellan Lain Brett Maclean Damien Brunner 30 1 2 2
3 Kyle Chipchura Pierre-Cédric Labrie Tomas Kubalik 20 1 2 2
4 Benn Ferriero Taylor Beck J.T. Brown 10 1 2 2
5 vs 5 Defense
Defense Defense Time % Phy DF OF
1 Andy Greene Andrej Meszaros 40 1 2 2
2 Matt Jones Martin Grenier 30 1 2 2
3 Justin Schultz Pavel Valentenko 20 1 2 2
4 Marc-André Bourdon Pavel Valentenko 10 1 2 2
PowerPlay Forward
Center Left Wing Right Wing Time % Phy DF OF
1 Tyler Bozak Chris Mcallister Petr Sykora 60 1 2 2
2 Kellan Lain Brett Maclean Damien Brunner 40 1 2 2
PowerPlay Defense
Defense Defense Time % Phy DF OF
1 Justin Schultz Andrej Meszaros 60 1 2 2
2 Matt Jones Andy Greene 40 1 2 2
Penalty Kill 4 Players Forward
Center Wing Time % Phy DF OF
1 Chris Mcallister Petr Sykora 60 1 2 2
2 Brett Maclean Tyler Bozak 40 1 2 2
Penalty Kill 4 Players Defense
Defense Defense Time % Phy DF OF
1 Martin Grenier Andrej Meszaros 60 1 2 2
2 Matt Jones Andy Greene 40 1 2 2
Penalty Kill - 3 Players Forward
Forward Time % Phy DF OF
1 Chris Mcallister 60 1 2 2
2 Petr Sykora 40 1 2 2
Penalty Kill - 3 Players Defense
Defense Defense Time % Phy DF OF
1 Martin Grenier Andrej Meszaros 60 1 2 2
2 Matt Jones Andy Greene 40 1 2 2
4 vs 4 Forward
Center Wing Time % Phy DF OF
1 Chris Mcallister Petr Sykora 60 1 2 2
2 Brett Maclean Tyler Bozak 40 1 2 2
4 vs 4 Defense
Defense Defense Time % Phy DF OF
1 Martin Grenier Andrej Meszaros 60 1 2 2
2 Matt Jones Andy Greene 40 1 2 2
Last Minutes Offensive
Center Left Wing Right Wing Defense Defense
Tyler Bozak Chris Mcallister Petr Sykora Andy Greene Andrej Meszaros
Last Minutes Defensive
Center Left Wing Right Wing Defense Defense
Tyler Bozak Chris Mcallister Petr Sykora Andy Greene Andrej Meszaros
Goaltenders
Starting : Allen York
Backup : Jeff Glass
Extra Forwards
Normal : Pierre-Cédric Labrie, Kyle Chipchura, Benn Ferriero - PP : Pierre-Cédric Labrie, Kyle Chipchura - PK : Benn Ferriero
Extra Defensemen
Normal : Andy Greene, Pavel Valentenko, Marc-André Bourdon - PP : Andy Greene - PK : Pavel Valentenko, Marc-André Bourdon
Penalty Shots
Chris Mcallister, Petr Sykora, Brett Maclean, Tyler Bozak, Damien Brunner
% Time on Ice - Saguenéens
Lines # - Real PCT - Wanted PCT - Time Play
Normal Forward
1 - 35% - 40% - 17:16
2 - 26% - 30% - 12:33
3 - 23% - 20% - 11:20
4 - 16% - 10% - 7:56
Normal Defense
1 - 39% - 40% - 19:04
2 - 36% - 32% - 17:27
3 - 22% - 20% - 10:35
4 - 4% - 8% - 1:59
PP Forward
1 - 57% - 60% - 3:59
2 - 43% - 40% - 2:58
PP Defense
1 - 64% - 60% - 4:27
2 - 36% - 40% - 2:30
PK Forward
1 - 53% - 50% - 2:06
2 - 47% - 50% - 1:52
PK Defense
1 - 47% - 50% - 1:51
2 - 53% - 50% - 2:07
PK3 Forward
1 - 0% - 50%
2 - 0% - 50%
PK3 Defense
1 - 0% - 50%
2 - 0% - 50%
44 Forward
1 - 0% - 60%
2 - 0% - 40%
44 Defense
1 - 0% - 60%
2 - 0% - 40%
Last Minute Offensive - 0:00
Last Minute Defensive - 0:00
Total
Forward - 60:00
Defense - 60:00
|
% Time on Ice - Diables
Lines # - Real PCT - Wanted PCT - Time Play
Normal Forward
1 - 30% - 40% - 14:47
2 - 27% - 30% - 13:11
3 - 24% - 20% - 11:39
4 - 19% - 10% - 9:28
Normal Defense
1 - 40% - 40% - 19:37
2 - 29% - 30% - 14:10
3 - 20% - 20% - 9:38
4 - 12% - 10% - 5:40
PP Forward
1 - 60% - 60% - 2:22
2 - 40% - 40% - 1:36
PP Defense
1 - 66% - 60% - 2:37
2 - 34% - 40% - 1:21
PK Forward
1 - 82% - 60% - 5:41
2 - 18% - 40% - 1:16
PK Defense
1 - 68% - 60% - 4:44
2 - 32% - 40% - 2:13
PK3 Forward
1 - 0% - 60%
2 - 0% - 40%
PK3 Defense
1 - 0% - 60%
2 - 0% - 40%
44 Forward
1 - 0% - 60%
2 - 0% - 40%
44 Defense
1 - 0% - 60%
2 - 0% - 40%
Last Minute Offensive - 0:00
Last Minute Defensive - 0:00
Total
Forward - 60:00
Defense - 60:00
|
Play by Play
1st period
0:01 of 1st period - Tyler Bozak wins face-off versus Martin Hanzal in neutral zone.
0:14 of 1st period - Wrist shot by Chris Mcallister.
0:14 of 1st period - Shot Blocked by Wayne Simmonds.
1:02 of 1st period - Benn Ferriero is hit by Brian Flynn and loses puck.
1:11 of 1st period - Kevin Marshall is hit by Taylor Beck and loses puck.
1:30 of 1st period - Slapshot by Benn Ferriero.
1:30 of 1st period - Shot Misses the Net.
1:44 of 1st period - Snap shot by Benn Ferriero.
1:44 of 1st period - Shot Blocked by Kevin Marshall.
1:46 of 1st period - Slapshot by Martin Grenier.
1:46 of 1st period - Stopped by Harru Sateri with a rebound.
1:50 of 1st period - Slapshot by Martin Grenier.
1:50 of 1st period - Deflect By Taylor Beck.
1:50 of 1st period - Shot Blocked by Brian Flynn.
1:50 of 1st period - Puck is out of play.
1:51 of 1st period - Tyler Bozak wins face-off versus Martin Hanzal in Saguenéens zone.
2:00 of 1st period - Slapshot by Tyler Bozak.
2:00 of 1st period - Stopped by Harru Sateri with a rebound.
2:02 of 1st period - Slapshot by Chris Mcallister.
2:02 of 1st period - Stopped by Harru Sateri with a rebound.
2:13 of 1st period - Icing by Kris Russell.
2:14 of 1st period - Kyle Chipchura wins face-off versus Kyle Brodziak in Saguenéens zone.
2:39 of 1st period - Wayne Simmonds is hit by Andrej Meszaros and loses puck.
3:00 of 1st period - Snap shot by Petr Sykora.
3:00 of 1st period - Stopped by Harru Sateri with a rebound.
3:06 of 1st period - Petr Sykora is hit by Evgeny Grachev and loses puck.
4:22 of 1st period - Petr Sykora is hit by Eric Tangradi and loses puck.
4:29 of 1st period - Wrist shot by Tyler Bozak.
4:29 of 1st period - Stopped by Harru Sateri with a rebound.
4:31 of 1st period - Snap shot by Petr Sykora.
4:31 of 1st period - Goal by Petr Sykora - Saguenéens : 0 - Diables : 1.
4:32 of 1st period - Tyler Bozak wins face-off versus Kyle Brodziak in neutral zone.
4:49 of 1st period - Tyler Bozak is hit by Kyle Brodziak and loses puck.
5:08 of 1st period - Slapshot by Brett Maclean.
5:08 of 1st period - Shot Blocked by Mike Sauer.
5:12 of 1st period - Wrist shot by Damien Brunner.
5:12 of 1st period - Stopped by Harru Sateri with a rebound.
5:42 of 1st period - Snap shot by David Laliberté.
5:42 of 1st period - Deflect By Brian Flynn.
5:42 of 1st period - Stopped by Allen York without a rebound.
5:43 of 1st period - Brian Flynn wins face-off versus Benn Ferriero in Diables zone.
5:48 of 1st period - Snap shot by Tim Kennedy.
5:48 of 1st period - Stopped by Allen York with a rebound.
5:54 of 1st period - Kris Russell is hit by Martin Grenier and loses puck.
6:59 of 1st period - Backhand shot by Brett Maclean.
6:59 of 1st period - Stopped by Harru Sateri with a rebound.
7:01 of 1st period - Snap shot by Damien Brunner.
7:01 of 1st period - Stopped by Harru Sateri without a rebound.
7:02 of 1st period - Martin Hanzal wins face-off versus Chris Mcallister in Saguenéens zone.
7:02 of 1st period - Martin Hanzal is hit by Tyler Bozak.
7:28 of 1st period - Andy Greene is hit by David Moss and loses puck.
7:35 of 1st period - Wrist shot by David Moss.
7:35 of 1st period - Stopped by Allen York without a rebound.
7:36 of 1st period - Kyle Brodziak wins face-off versus Kellan Lain in Diables zone.
8:05 of 1st period - Snap shot by Evgeny Dadonov.
8:05 of 1st period - Shot Blocked by Pavel Valentenko.
8:07 of 1st period - Snap shot by Evgeny Dadonov.
8:07 of 1st period - Stopped by Allen York without a rebound.
8:08 of 1st period - Tyler Bozak wins face-off versus Evgeny Dadonov in Diables zone.
8:33 of 1st period - Kellan Lain is hit by Tim Kennedy and loses puck.
9:37 of 1st period - Snap shot by Martin Hanzal.
9:37 of 1st period - Shot Misses the Net.
10:01 of 1st period - Damien Brunner is hit by Brian Flynn and loses puck.
11:11 of 1st period - Icing by Mike Sauer.
11:12 of 1st period - Martin Hanzal wins face-off versus Kellan Lain in Saguenéens zone.
11:41 of 1st period - Slapshot by Rhett Rakhshani.
11:41 of 1st period - Shot Misses the Net.
11:49 of 1st period - Philip Larsen is hit by Martin Grenier and loses puck.
12:10 of 1st period - Snap shot by Brett Maclean.
12:10 of 1st period - Shot Misses the Net.
12:12 of 1st period - Slapshot by Martin Grenier.
12:12 of 1st period - Deflect By Damien Brunner.
12:12 of 1st period - Stopped by Harru Sateri without a rebound.
12:13 of 1st period - Tyler Bozak wins face-off versus Wayne Simmonds in Saguenéens zone.
12:19 of 1st period - Minor Penalty to Brandon Burlon for Interference.
12:20 of 1st period - Tyler Bozak wins face-off versus Martin Hanzal in Saguenéens zone.
12:28 of 1st period - Wrist shot by Petr Sykora.
12:28 of 1st period - Shot Misses the Net.
12:32 of 1st period - Wrist shot by Tyler Bozak.
12:32 of 1st period - Stopped by Harru Sateri with a rebound.
12:34 of 1st period - Wrist shot by Petr Sykora.
12:34 of 1st period - Stopped by Harru Sateri without a rebound.
12:35 of 1st period - Kyle Brodziak wins face-off versus Tyler Bozak in Saguenéens zone.
13:06 of 1st period - Wrist shot by Kyle Brodziak.
13:06 of 1st period - Shot Blocked by Kellan Lain.
13:08 of 1st period - Snap shot by Kyle Brodziak.
13:08 of 1st period - Shot Blocked by Justin Schultz.
13:10 of 1st period - Snap shot by David Laliberté.
13:10 of 1st period - Stopped by Allen York with a rebound.
13:12 of 1st period - Slapshot by Mike Sauer.
13:12 of 1st period - Shot Blocked by Justin Schultz.
14:15 of 1st period - Icing by Tyler Bozak.
14:16 of 1st period - Martin Hanzal wins face-off versus Tyler Bozak in Diables zone.
14:19 of 1st period - Penalty to Brandon Burlon is over, Brandon Burlon is back on ice.
14:36 of 1st period - Snap shot by Tomas Kubalik.
14:36 of 1st period - Stopped by Harru Sateri with a rebound.
15:13 of 1st period - Snap shot by Damien Brunner.
15:13 of 1st period - Shot Blocked by Brandon Burlon.
15:29 of 1st period - Snap shot by Evgeny Dadonov.
15:29 of 1st period - Shot Blocked by Kellan Lain.
15:31 of 1st period - Slapshot by Mike Sauer.
15:31 of 1st period - Stopped by Allen York with a rebound.
15:33 of 1st period - Wrist shot by Evgeny Dadonov.
15:33 of 1st period - Shot Misses the Net.
15:43 of 1st period - Snap shot by Damien Brunner.
15:43 of 1st period - Shot Blocked by Martin Hanzal.
16:22 of 1st period - Snap shot by Martin Hanzal.
16:22 of 1st period - Stopped by Allen York without a rebound.
16:23 of 1st period - Tyler Bozak wins face-off versus Kyle Brodziak in Diables zone.
16:33 of 1st period - Slapshot by Petr Sykora.
16:33 of 1st period - Stopped by Harru Sateri with a rebound.
16:37 of 1st period - Slapshot by Petr Sykora.
16:37 of 1st period - Shot Blocked by Kyle Brodziak.
16:39 of 1st period - Slapshot by Pavel Valentenko.
16:39 of 1st period - Stopped by Harru Sateri with a rebound.
16:49 of 1st period - David Moss is hit by J.T. Brown and loses puck.
17:01 of 1st period - Slapshot by Matt Jones.
17:01 of 1st period - Shot Blocked by Kevin Marshall.
17:32 of 1st period - Wrist shot by Evgeny Grachev.
17:32 of 1st period - Stopped by Allen York with a rebound.
18:58 of 1st period - Pavel Valentenko is hit by David Moss and loses puck.
19:11 of 1st period - Kyle Chipchura is hit by Brandon Burlon and loses puck.
19:36 of 1st period - Slapshot by Andy Greene.
19:36 of 1st period - Stopped by Harru Sateri without a rebound.
19:37 of 1st period - Taylor Beck wins face-off versus Brian Flynn in Saguenéens zone.
19:38 of 1st period - Slapshot by Andrej Meszaros.
19:38 of 1st period - Shot Blocked by David Moss.
Goals for this period are 0 for Saguenéens vs 1 for Diables.
Shots for this period are 8 for Saguenéens vs 16 for Diables.
2nd period
0:01 of 2nd period - Martin Hanzal wins face-off versus Petr Sykora in neutral zone.
0:08 of 2nd period - Snap shot by Evgeny Dadonov.
0:08 of 2nd period - Shot Blocked by Tyler Bozak.
0:26 of 2nd period - Andrej Meszaros is hit by Derek Morris and loses puck.
0:41 of 2nd period - Minor Penalty to Philip Larsen for Hooking.
0:42 of 2nd period - Tyler Bozak wins face-off versus Kyle Brodziak in Saguenéens zone.
1:28 of 2nd period - David Laliberté is hit by Tyler Bozak.
2:08 of 2nd period - Chris Mcallister is hit by Martin Hanzal and loses puck.
2:41 of 2nd period - Penalty to Philip Larsen is over, Philip Larsen is back on ice.
3:13 of 2nd period - Rhett Rakhshani is hit by Kyle Chipchura and loses puck.
3:35 of 2nd period - Brian Flynn is hit by Pavel Valentenko and loses puck.
4:20 of 2nd period - Icing by Marcus Johansson.
4:21 of 2nd period - Evgeny Grachev wins face-off versus Kellan Lain in Saguenéens zone.
4:26 of 2nd period - Snap shot by Damien Brunner.
4:26 of 2nd period - Shot Misses the Net.
4:42 of 2nd period - David Laliberté is hit by Petr Sykora and loses puck.
5:05 of 2nd period - Wrist shot by Evgeny Dadonov.
5:05 of 2nd period - Goal by Evgeny Dadonov - Saguenéens : 1 - Diables : 1.
5:06 of 2nd period - Tyler Bozak wins face-off versus Martin Hanzal in neutral zone.
5:21 of 2nd period - Andy Greene is hit by Kevin Marshall.
5:36 of 2nd period - Slapshot by Derek Morris.
5:36 of 2nd period - Stopped by Allen York with a rebound.
5:38 of 2nd period - Snap shot by David Laliberté.
5:38 of 2nd period - Shot Blocked by Pavel Valentenko.
5:40 of 2nd period - Snap shot by Derek Morris.
5:40 of 2nd period - Deflect By Tim Kennedy.
5:40 of 2nd period - Shot Misses the Net.
5:40 of 2nd period - Puck is out of play.
5:41 of 2nd period - Martin Hanzal wins face-off versus Kellan Lain in Diables zone.
5:48 of 2nd period - Wrist shot by Martin Hanzal.
5:48 of 2nd period - Shot Blocked by Pavel Valentenko.
6:56 of 2nd period - Slapshot by Eric Tangradi.
6:56 of 2nd period - Shot Misses the Net.
7:09 of 2nd period - Off-side.
7:10 of 2nd period - Kellan Lain wins face-off versus Martin Hanzal in neutral zone.
7:13 of 2nd period - Snap shot by Brett Maclean.
7:13 of 2nd period - Stopped by Harru Sateri with a rebound.
7:15 of 2nd period - Slapshot by Andrej Meszaros.
7:15 of 2nd period - Stopped by Harru Sateri with a rebound.
7:17 of 2nd period - Snap shot by Andrej Meszaros.
7:17 of 2nd period - Shot Blocked by Kevin Marshall.
7:19 of 2nd period - Slapshot by Kellan Lain.
7:19 of 2nd period - Deflect By Damien Brunner.
7:19 of 2nd period - Shot Blocked by Martin Hanzal.
7:19 of 2nd period - Puck is out of play.
7:20 of 2nd period - Kyle Brodziak wins face-off versus Tyler Bozak in Saguenéens zone.
7:20 of 2nd period - Kyle Brodziak is hit by Tyler Bozak.
7:26 of 2nd period - Snap shot by Derek Morris.
7:26 of 2nd period - Shot Blocked by Tyler Bozak.
8:10 of 2nd period - Slapshot by Derek Morris.
8:10 of 2nd period - Stopped by Allen York with a rebound.
8:20 of 2nd period - Wrist shot by Brett Maclean.
8:20 of 2nd period - Stopped by Harru Sateri without a rebound.
8:21 of 2nd period - Martin Hanzal wins face-off versus Chris Mcallister in Saguenéens zone.
8:21 of 2nd period - Martin Hanzal is hit by Petr Sykora.
8:27 of 2nd period - Andy Greene is hit by Evgeny Dadonov and loses puck.
8:51 of 2nd period - Wrist shot by David Laliberté.
8:51 of 2nd period - Shot Blocked by Martin Grenier.
9:50 of 2nd period - Brian Flynn is hit by Taylor Beck.
9:56 of 2nd period - Andy Greene is hit by Brian Flynn and loses puck.
10:07 of 2nd period - Andy Greene is hit by Kyle Brodziak and loses puck.
10:33 of 2nd period - Rhett Rakhshani is hit by Tomas Kubalik.
10:44 of 2nd period - Martin Grenier is hit by Tim Kennedy and loses puck.
11:10 of 2nd period - Off-side.
11:11 of 2nd period - Taylor Beck wins face-off versus Martin Hanzal in neutral zone.
11:20 of 2nd period - Snap shot by Benn Ferriero.
11:20 of 2nd period - Shot Blocked by Evgeny Dadonov.
12:17 of 2nd period - Snap shot by Martin Hanzal.
12:17 of 2nd period - Deflect By Pavel Valentenko.
12:17 of 2nd period - Goal by Martin Hanzal - Saguenéens : 2 - Diables : 1.
12:18 of 2nd period - Martin Hanzal wins face-off versus Tyler Bozak in neutral zone.
12:49 of 2nd period - Icing by Kyle Chipchura.
12:50 of 2nd period - David Moss wins face-off versus Kyle Chipchura in Diables zone.
12:51 of 2nd period - Wrist shot by Marcus Johansson.
12:51 of 2nd period - Shot Misses the Net.
12:53 of 2nd period - Wrist shot by Kyle Brodziak.
12:53 of 2nd period - Stopped by Allen York without a rebound.
12:54 of 2nd period - Tyler Bozak wins face-off versus Kyle Brodziak in Diables zone.
12:54 of 2nd period - Tyler Bozak is hit by Marcus Johansson.
13:04 of 2nd period - Marcus Johansson is hit by Tyler Bozak and loses puck.
13:32 of 2nd period - Wrist shot by Brett Maclean.
13:32 of 2nd period - Stopped by Harru Sateri without a rebound.
13:33 of 2nd period - Martin Hanzal wins face-off versus Kyle Chipchura in Saguenéens zone.
14:07 of 2nd period - Snap shot by Chris Mcallister.
14:07 of 2nd period - Shot Misses the Net.
14:29 of 2nd period - Snap shot by Brett Maclean.
14:29 of 2nd period - Stopped by Harru Sateri with a rebound.
14:31 of 2nd period - Slapshot by Martin Grenier.
14:31 of 2nd period - Stopped by Harru Sateri with a rebound.
16:14 of 2nd period - Snap shot by Pierre-Cédric Labrie.
16:14 of 2nd period - Shot Misses the Net.
16:16 of 2nd period - Slapshot by Andy Greene.
16:16 of 2nd period - Shot Misses the Net.
16:18 of 2nd period - Wrist shot by Andrej Meszaros.
16:18 of 2nd period - Stopped by Harru Sateri with a rebound.
16:20 of 2nd period - Wrist shot by Tomas Kubalik.
16:20 of 2nd period - Stopped by Harru Sateri with a rebound.
16:28 of 2nd period - Wrist shot by Andy Greene.
16:28 of 2nd period - Shot Misses the Net.
16:50 of 2nd period - Snap shot by Martin Hanzal.
16:50 of 2nd period - Stopped by Allen York without a rebound.
16:51 of 2nd period - Tyler Bozak wins face-off versus David Moss in Diables zone.
17:16 of 2nd period - Kellan Lain is hit by Tim Kennedy and loses puck.
17:41 of 2nd period - Wrist shot by Benn Ferriero.
17:41 of 2nd period - Goal by Benn Ferriero - Saguenéens : 2 - Diables : 2.
17:42 of 2nd period - Tyler Bozak wins face-off versus David Moss in neutral zone.
18:14 of 2nd period - Kris Russell is hit by J.T. Brown and loses puck.
18:25 of 2nd period - Snap shot by Kyle Brodziak.
18:25 of 2nd period - Shot Misses the Net.
18:49 of 2nd period - Matt Jones is hit by Evgeny Dadonov and loses puck.
19:27 of 2nd period - Taylor Beck is hit by Rhett Rakhshani.
Goals for this period are 2 for Saguenéens vs 1 for Diables.
Shots for this period are 6 for Saguenéens vs 9 for Diables.
3rd period
0:01 of 3rd period - Martin Hanzal wins face-off versus Tyler Bozak in neutral zone.
0:10 of 3rd period - Slapshot by Evgeny Dadonov.
0:10 of 3rd period - Stopped by Allen York with a rebound.
0:37 of 3rd period - Wrist shot by David Moss.
0:37 of 3rd period - Stopped by Allen York without a rebound.
0:38 of 3rd period - Tyler Bozak wins face-off versus Brian Flynn in Diables zone.
0:40 of 3rd period - Minor Penalty to Petr Sykora for Hooking.
0:41 of 3rd period - Chris Mcallister wins face-off versus Martin Hanzal in Diables zone.
1:14 of 3rd period - Slapshot by Kyle Brodziak.
1:14 of 3rd period - Goal by Kyle Brodziak - Saguenéens : 3 - Diables : 2.
1:15 of 3rd period - Martin Hanzal wins face-off versus Tyler Bozak in neutral zone.
2:09 of 3rd period - Backhand shot by Tim Kennedy.
2:09 of 3rd period - Stopped by Allen York without a rebound.
2:10 of 3rd period - Martin Hanzal wins face-off versus Tyler Bozak in Diables zone.
3:10 of 3rd period - Snap shot by Martin Grenier.
3:10 of 3rd period - Stopped by Harru Sateri without a rebound.
3:11 of 3rd period - Wayne Simmonds wins face-off versus Tyler Bozak in Saguenéens zone.
3:11 of 3rd period - Wayne Simmonds is hit by Andrej Meszaros.
3:17 of 3rd period - Slapshot by Martin Hanzal.
3:17 of 3rd period - Stopped by Allen York with a rebound.
3:27 of 3rd period - Wrist shot by Tyler Bozak.
3:27 of 3rd period - Deflect By Evgeny Dadonov.
3:27 of 3rd period - Shot Blocked by Philip Larsen.
3:27 of 3rd period - Puck is out of play.
3:28 of 3rd period - Kellan Lain wins face-off versus Kyle Brodziak in Saguenéens zone.
3:31 of 3rd period - Backhand shot by Damien Brunner.
3:31 of 3rd period - Stopped by Harru Sateri with a rebound.
4:13 of 3rd period - Derek Morris is hit by Justin Schultz and loses puck.
4:17 of 3rd period - Minor Penalty to Tomas Kubalik for Hooking.
4:18 of 3rd period - Martin Hanzal wins face-off versus Chris Mcallister in Diables zone.
4:23 of 3rd period - Wrist shot by Wayne Simmonds.
4:23 of 3rd period - Stopped by Allen York without a rebound.
4:24 of 3rd period - Martin Hanzal wins face-off versus Chris Mcallister in Diables zone.
4:27 of 3rd period - Snap shot by Martin Hanzal.
4:27 of 3rd period - Shot Hit the Post.
4:29 of 3rd period - Snap shot by Wayne Simmonds.
4:29 of 3rd period - Deflect By Martin Hanzal.
4:29 of 3rd period - Deflect By Martin Grenier.
4:29 of 3rd period - Goal by Martin Hanzal - Saguenéens : 4 - Diables : 2.
4:30 of 3rd period - Martin Hanzal wins face-off versus Tyler Bozak in neutral zone.
4:35 of 3rd period - Chris Mcallister is hit by Derek Morris and loses puck.
4:44 of 3rd period - Wayne Simmonds is hit by Chris Mcallister and loses puck.
5:37 of 3rd period - Snap shot by David Laliberté.
5:37 of 3rd period - Goal by David Laliberté - Saguenéens : 5 - Diables : 2.
5:37 of 3rd period - Jeff Glass enters game.
5:38 of 3rd period - Tyler Bozak wins face-off versus Martin Hanzal in neutral zone.
5:45 of 3rd period - Snap shot by Evgeny Dadonov.
5:45 of 3rd period - Shot Blocked by Petr Sykora.
5:47 of 3rd period - Slapshot by Philip Larsen.
5:47 of 3rd period - Stopped by Jeff Glass without a rebound.
5:48 of 3rd period - Martin Hanzal wins face-off versus Tyler Bozak in Diables zone.
6:30 of 3rd period - Minor Penalty to Chris Mcallister for Tripping.
6:31 of 3rd period - Benn Ferriero wins face-off versus Kyle Brodziak in Diables zone.
8:26 of 3rd period - Andrej Meszaros is hit by David Laliberté and loses puck.
8:30 of 3rd period - Penalty to Chris Mcallister is over, Chris Mcallister is back on ice.
8:39 of 3rd period - Wrist shot by Kyle Chipchura.
8:39 of 3rd period - Shot Misses the Net.
9:11 of 3rd period - David Moss is hit by Benn Ferriero and loses puck.
9:46 of 3rd period - Wrist shot by Damien Brunner.
9:46 of 3rd period - Stopped by Harru Sateri without a rebound.
9:47 of 3rd period - Martin Hanzal wins face-off versus Kellan Lain in Saguenéens zone.
9:52 of 3rd period - Brett Maclean is hit by Wayne Simmonds and loses puck.
10:03 of 3rd period - Mike Sauer is hit by Matt Jones and loses puck.
10:08 of 3rd period - Slapshot by Chris Mcallister.
10:08 of 3rd period - Shot Misses the Net.
10:27 of 3rd period - Benn Ferriero is hit by David Moss and loses puck.
10:42 of 3rd period - Slapshot by Derek Morris.
10:42 of 3rd period - Deflect By Kyle Brodziak.
10:42 of 3rd period - Shot Misses the Net.
10:42 of 3rd period - Puck is out of play.
10:43 of 3rd period - Kellan Lain wins face-off versus Martin Hanzal in Diables zone.
11:24 of 3rd period - Minor Penalty to Justin Schultz for Goalie Interference.
11:25 of 3rd period - Martin Hanzal wins face-off versus Chris Mcallister in Diables zone.
11:30 of 3rd period - Wrist shot by Evgeny Dadonov.
11:30 of 3rd period - Shot Misses the Net.
11:56 of 3rd period - Snap shot by David Moss.
11:56 of 3rd period - Shot Misses the Net.
12:07 of 3rd period - Slapshot by Martin Grenier.
12:07 of 3rd period - Shot Misses the Net.
13:01 of 3rd period - Martin Grenier is hit by Evgeny Dadonov and loses puck.
13:22 of 3rd period - Brett Maclean is hit by Marcus Johansson and loses puck.
13:24 of 3rd period - Penalty to Justin Schultz is over, Justin Schultz is back on ice.
13:33 of 3rd period - Brett Maclean is hit by Eric Tangradi.
13:43 of 3rd period - Justin Schultz is hit by Rhett Rakhshani and loses puck.
14:09 of 3rd period - Snap shot by Brett Maclean.
14:09 of 3rd period - Shot Misses the Net.
14:11 of 3rd period - Slapshot by Andy Greene.
14:11 of 3rd period - Stopped by Harru Sateri with a rebound.
14:13 of 3rd period - Slapshot by Matt Jones.
14:13 of 3rd period - Shot Misses the Net.
14:15 of 3rd period - Slapshot by Andy Greene.
14:15 of 3rd period - Stopped by Harru Sateri with a rebound.
14:17 of 3rd period - Snap shot by Andy Greene.
14:17 of 3rd period - Stopped by Harru Sateri with a rebound.
14:19 of 3rd period - Slapshot by Justin Schultz.
14:19 of 3rd period - Goal by Justin Schultz - Saguenéens : 5 - Diables : 3.
14:20 of 3rd period - Martin Hanzal wins face-off versus Kyle Chipchura in neutral zone.
14:47 of 3rd period - Kyle Brodziak is hit by Pavel Valentenko and loses puck.
15:10 of 3rd period - Wrist shot by David Laliberté.
15:10 of 3rd period - Shot Misses the Net.
15:20 of 3rd period - Andy Greene is hit by David Laliberté and loses puck.
15:31 of 3rd period - Slapshot by Andy Greene.
15:31 of 3rd period - Stopped by Harru Sateri without a rebound.
15:32 of 3rd period - Tyler Bozak wins face-off versus Evgeny Grachev in Saguenéens zone.
15:37 of 3rd period - Snap shot by Chris Mcallister.
15:37 of 3rd period - Shot Misses the Net.
15:39 of 3rd period - Slapshot by Matt Jones.
15:39 of 3rd period - Stopped by Harru Sateri with a rebound.
15:41 of 3rd period - Slapshot by Matt Jones.
15:41 of 3rd period - Stopped by Harru Sateri without a rebound.
15:42 of 3rd period - Kyle Chipchura wins face-off versus Brian Flynn in Saguenéens zone.
15:49 of 3rd period - Snap shot by Tomas Kubalik.
15:49 of 3rd period - Shot Misses the Net.
15:51 of 3rd period - Slapshot by Kyle Chipchura.
15:51 of 3rd period - Deflect By Pierre-Cédric Labrie.
15:51 of 3rd period - Shot Blocked by David Laliberté.
15:51 of 3rd period - Puck is out of play.
15:52 of 3rd period - Kyle Chipchura wins face-off versus Brian Flynn in Saguenéens zone.
16:31 of 3rd period - Snap shot by Tomas Kubalik.
16:31 of 3rd period - Shot Blocked by Tim Kennedy.
16:33 of 3rd period - Wrist shot by Matt Jones.
16:33 of 3rd period - Shot Hit the Post.
16:37 of 3rd period - Snap shot by Pierre-Cédric Labrie.
16:37 of 3rd period - Shot Blocked by Tim Kennedy.
16:57 of 3rd period - Slapshot by Pierre-Cédric Labrie.
16:57 of 3rd period - Shot Blocked by Philip Larsen.
16:59 of 3rd period - Slapshot by Justin Schultz.
16:59 of 3rd period - Shot Blocked by Philip Larsen.
17:01 of 3rd period - Snap shot by Tomas Kubalik.
17:01 of 3rd period - Stopped by Harru Sateri without a rebound.
17:02 of 3rd period - Martin Hanzal wins face-off versus Tyler Bozak in Saguenéens zone.
17:17 of 3rd period - Wrist shot by Martin Hanzal.
17:17 of 3rd period - Shot Blocked by Andrej Meszaros.
17:22 of 3rd period - Double Minor Penalty to Kellan Lain for High sticking.
17:23 of 3rd period - Chris Mcallister wins face-off versus Evgeny Dadonov in Diables zone.
17:36 of 3rd period - Wrist shot by Martin Hanzal.
17:36 of 3rd period - Goal by Martin Hanzal - Saguenéens : 6 - Diables : 3.
17:37 of 3rd period - Martin Hanzal wins face-off versus Chris Mcallister in neutral zone.
17:42 of 3rd period - Chris Mcallister is hit by Martin Hanzal and loses puck.
18:08 of 3rd period - Off-side.
18:09 of 3rd period - Kyle Brodziak wins face-off versus Brett Maclean in neutral zone.
18:12 of 3rd period - Snap shot by Marcus Johansson.
18:12 of 3rd period - Stopped by Jeff Glass with a rebound.
18:14 of 3rd period - Slapshot by Kris Russell.
18:14 of 3rd period - Stopped by Jeff Glass without a rebound.
18:15 of 3rd period - Martin Hanzal wins face-off versus Chris Mcallister in Diables zone.
18:22 of 3rd period - Snap shot by Wayne Simmonds.
18:22 of 3rd period - Shot Hit the Post.
19:24 of 3rd period - Petr Sykora is hit by Marcus Johansson and loses puck.
19:36 of 3rd period - Penalty to Kellan Lain is over, Kellan Lain is back on ice.
Goals for this period are 4 for Saguenéens vs 1 for Diables.
Shots for this period are 12 for Saguenéens vs 11 for Diables.
Output by the SimonT Hockey Simulator (STHS) for François Prévost -- Original Page W3C XHTML 1.0 Valid